AoeStats
← K

Arabia

508652221Analyzed
4v4 RM · 10d ago on Sep 23, 2026· 121m 3s· 8 players
Game mode
Random Map
Map size
Large (8 player)
Population
200
Speed
Normal
Resources
Standard
Victory
Conquest
Starting age
Dark Age
Ending age
Imperial Age
RankedLock teamsTeams togetherTeam positionsShared explorationLock speedFull tech treeHidden civsTurbo modeCheats
Victory
Defeat
🇪🇸 Vietnamese · Spain
1018
+15
🇫🇷 Persians · France
1017
+15
🇨🇳 Spanish · China
987
+17
🇩🇪 Teutons · Germany
964
+17
🇬🇧 Chinese · United Kingdom
1254
-26
🇨🇳 Franks · China
994
-16
🇨🇳 Romans · China
877
-11
🇨🇳 Japanese · China
874
-22
YuangXue
11:34 Feudal Age
12:38 Double-Bit Axe
16:05 Castle Age
18:45 Bow Saw
26:10 Scale Mail Armor
31:33 Wheelbarrow
32:04 Forging
36:39 Iron Casting
36:41 Husbandry
41:54 Gold Mining
44:15 Gold Shaft Mining
44:31 Scale Barding Armor
49:07 Imperial Age
47:14 Wheelbarrow
48:33 Chain Mail Armor
49:06 Stone Mining
51:02 Hoardings
49:50 Elite Throwing Axeman
50:17 Cavalier
52:11 Conscription
53:00 Blast Furnace
56:59 Plate Mail Armor
56:42 Capped Ram
86:12 Caravan
88:40 Hand Cart
92:24 Light Cavalry
107:43 Paladin
打爆你的金针菇
10:24 Feudal Age
12:21 Double-Bit Axe
18:36 Castle Age
16:52 Stone Mining
18:40 Horse Collar
20:22 Man-at-Arms
22:17 Gold Mining
22:46 Bow Saw
25:13 Gold Mining
32:17 Imperial Age
29:30 Long Swordsman
31:10 Forging
31:01 Scale Mail Armor
31:26 Loom
32:08 Heavy Plow
33:43 Crop Rotation
34:41 Iron Casting
34:22 Chain Mail Armor
34:50 Gold Shaft Mining
35:42 Wheelbarrow
36:23 Blast Furnace
36:56 Hand Cart
37:27 Legionary
39:50 Squires
41:34 Fletching
54:22 Ballistas
54:37 Comitatenses
53:44 Elite Centurion
59:00 Conscription
63:01 Heavy Scorpion
65:35 Scale Barding Armor
65:26 Bodkin Arrow
72:45 Chemistry
71:51 Siege Engineers
72:53 Chain Barding Armor
72:36 Padded Archer Armor
81:43 Plate Barding Armor
89:28 Pikeman
89:35 Pikeman
91:15 Halberdier
95:12 Guilds
110:39 Capped Ram
112:47 Siege Ram
Youduo
14:28 Feudal Age
15:46 Horse Collar
15:53 Double-Bit Axe
16:18 Gold Mining
18:30 Castle Age
19:28 Wheelbarrow
20:42 Bow Saw
21:38 Heavy Plow
25:59 Gold Shaft Mining
26:03 Scale Mail Armor
26:14 Forging
26:56 Squires
26:41 Gambesons
26:18 Pikeman
29:20 Treadmill Crane
30:28 Wheelbarrow
29:41 Loom
35:27 Hand Cart
38:34 Imperial Age
37:46 Caravan
38:25 Iron Casting
38:06 Chain Mail Armor
38:03 Masonry
38:15 Ballistics
38:15 Town Watch
38:30 Stone Mining
39:43 Conscription
39:45 Kataparuto
39:47 Town Patrol
39:10 Halberdier
39:15 Elite Samurai
41:39 Two-Man Saw
41:48 Hoardings
44:44 Blast Furnace
44:14 Plate Mail Armor
43:35 Fletching
44:52 Chemistry
44:39 Arson
57:07 Bodkin Arrow
57:18 Siege Engineers
76:46 Fortified Wall
76:33 Murder Holes
76:41 Bracer
86:10 Coinage
87:03 Scale Barding Armor
86:58 Padded Archer Armor
88:20 Parthian Tactics
88:01 Thumb Ring
87:25 Elite Skirmisher
88:14 Elite Skirmisher
92:05 Leather Archer Armor
94:56 Ring Archer Armor
99:38 Banking
K
9:52 Feudal Age
16:53 Castle Age
15:35 Padded Archer Armor
16:50 Forging
16:38 Loom
19:35 Pikeman
20:13 Fletching
22:22 Scale Mail Armor
22:00 Crossbowman
30:23 Iron Casting
37:01 Town Watch
37:52 Wheelbarrow
37:10 Gold Mining
37:08 Double-Bit Axe
37:44 Thumb Ring
37:57 Leather Archer Armor
37:38 Bodkin Arrow
38:28 Squires
39:19 Chain Mail Armor
40:57 Hand Cart
43:55 Gold Shaft Mining
43:47 Bow Saw
46:32 Horse Collar
51:16 Imperial Age
51:20 Halberdier
51:55 Heavy Rocket Cart
54:30 Blast Furnace
56:09 Plate Mail Armor
59:54 Capped Ram
63:16 Siege Ram
66:48 Bracer
75:47 Ring Archer Armor
amossegaetan
0:33 Loom
13:14 Feudal Age
14:28 Wheelbarrow
13:39 Town Watch
13:40 Horse Collar
14:24 Double-Bit Axe
21:05 Stone Mining
21:06 Gold Mining
25:13 Castle Age
23:59 Forging
23:57 Scale Barding Armor
25:14 Fletching
25:25 Padded Archer Armor
25:40 Bloodlines
26:10 Parthian Tactics
25:53 Thumb Ring
25:52 Husbandry
29:44 Heavy Plow
29:56 Bow Saw
31:06 Gold Shaft Mining
31:07 Stone Shaft Mining
31:46 Iron Casting
31:33 Chain Barding Armor
31:45 Bodkin Arrow
33:33 Hand Cart
34:41 Town Patrol
35:07 Leather Archer Armor
41:47 Imperial Age
39:19 Murder Holes
39:34 Masonry
39:45 Ballistics
40:04 Kamandaran
42:08 Caravan
42:50 Conscription
42:05 Elite War Elephant
42:13 Heavy Camel Rider
45:08 Blast Furnace
44:45 Plate Barding Armor
45:31 Chemistry
45:02 Architecture
44:46 Cavalier
46:10 Savar
53:46 Heavy Cavalry Archer
58:05 Two-Man Saw
66:49 Elite Skirmisher
67:12 Light Cavalry
Sipsip
11:11 Feudal Age
9:27 Loom
12:26 Double-Bit Axe
17:45 Castle Age
15:32 Town Watch
20:53 Scale Barding Armor
22:46 Wheelbarrow
21:56 Town Watch
25:54 Hand Cart
31:25 Bow Saw
37:49 Imperial Age
35:35 Hand Cart
35:20 Town Patrol
37:40 Town Patrol
37:22 Pikeman
39:13 Forging
39:03 Scale Mail Armor
39:23 Chain Barding Armor
40:28 Cavalier
43:18 Chemistry
42:39 Ballistics
41:58 Halberdier
45:57 Caravan
47:54 Two-Man Saw
46:55 Paladin
58:18 Iron Casting
57:58 Chain Mail Armor
58:18 Plate Barding Armor
62:02 Blast Furnace
61:32 Plate Mail Armor
67:19 Squires
78:29 Arson
91:22 Onager
114:57 Siege Onager
小北同学
11:37 Feudal Age
15:39 Castle Age
13:41 Horse Collar
14:02 Double-Bit Axe
18:40 Bow Saw
31:44 Gold Mining
31:45 Stone Mining
37:04 Imperial Age
37:16 Wheelbarrow
37:00 Husbandry
37:11 Bloodlines
37:14 Cavalier
37:31 Light Cavalry
38:28 Heavy Plow
39:48 Chemistry
39:10 Forging
39:07 Scale Barding Armor
39:02 Scale Mail Armor
39:03 Padded Archer Armor
38:53 Fletching
40:02 Hand Cart
39:30 Paladin
41:00 Conscription
44:04 Chain Barding Armor
44:20 Iron Casting
56:22 Hussar
62:24 Caravan
63:54 Elite Conquistador
69:34 Thumb Ring
73:16 Ballistics
76:41 Elite Skirmisher
79:13 Blast Furnace
78:30 Chain Mail Armor
102:46 Two-Man Saw
109:08 Guilds
109:29 Coinage
redchochorus
1:08 Loom
10:16 Feudal Age
12:07 Double-Bit Axe
16:27 Wheelbarrow
19:52 Castle Age
18:25 Stone Mining
20:27 Padded Archer Armor
20:18 Fletching
22:02 Bow Saw
22:56 Hand Cart
22:07 Elite Skirmisher
27:17 Bodkin Arrow
28:27 Leather Archer Armor
29:22 Ballistics
28:43 Treadmill Crane
29:28 Ballistics
34:35 Forging
34:26 Scale Mail Armor
35:33 Gold Mining
35:42 Crossbowman
38:23 Thumb Ring
38:33 Horse Collar
39:12 Town Watch
43:19 Imperial Age
42:04 Heavy Plow
43:04 Bloodlines
42:55 Husbandry
43:58 Iron Casting
43:38 Chain Mail Armor
43:44 Squires
43:30 Arson
43:49 Chatras
44:32 Bracer
45:41 Two-Man Saw
45:50 Masonry
45:36 Murder Holes
46:42 Chemistry
45:42 Murder Holes
47:11 Paper Money
46:27 Arbalester
48:05 Crop Rotation
48:52 Imperial Skirmisher
52:28 Elite Battle Elephant
53:32 Bombard Tower
54:53 Hoardings
57:38 Plate Mail Armor
57:39 Ring Archer Armor
74:15 Light Cavalry
75:30 Scale Barding Armor
94:36 Pikeman
95:06 Halberdier
118:46 Elite Fire Lancer
Connection lost

Rejoining the realm…

Still unreachable

The connection could not be restored.

Session expired

The server has moved on; the page needs a fresh start.